 Dungeon Crawl Stone Soup version 0.26-a0-639-g72c4674329 (webtiles) character file.

Game seed: 10908743653731519515

5390 Flugslaktarn the Cleaver (level 10, -6/96 HPs)
             Began as a Deep Dwarf Fighter on Sept 23, 2020.
             Was an Elder of Makhleb.
             Killed by refrigeration
             ... invoked by Fannar
              (16 damage)
             ... on level 10 of the Dungeon.
             The game lasted 00:03:26 (4651 turns).

Flugslaktarn the Cleaver (Deep Dwarf Fighter)       Turns: 4651, Time: 00:03:27

Health: -6/96      AC: 11    Str: 23    XL:     10   Next: 39%
Magic:  9/9        EV:  6    Int:  9    God:    Makhleb [****..]
Gold:   446        SH: 11    Dex: 12    Spells: 9/9 levels left

rFire    . . .     SeeInvis .   a - +0 war axe
rCold    . . .     Faith    .   c - +0 kite shield
rNeg     . . .     Spirit   .   y - +0 chain mail
rPois    .         Reflect  .   (no helmet)
rElec    .         Harm     .   (no cloak)
rCorr    .         Rampage  .   m - +0 pair of gloves
MR       +....                  (no boots)
Stlth    ..........             (no amulet)
HPRegen  0.00/turn              (no ring)
MPRegen  0.11/turn              (no ring)

@: non-regenerating, drained
A: damage resistance, heal wounds, sense surroundings 2, no regeneration
a: Heal Wounds, Minor Destruction, Lesser Servant of Makhleb, Major Destruction,
Renounce Religion


You were on level 10 of the Dungeon.
You worshipped Makhleb.
Makhleb was greatly pleased with you.
You visited 2 branches of the dungeon, and saw 11 of its levels.
You also visited: Sewer.

You collected 446 gold pieces.

Inventory:

Hand Weapons
 a - a +0 war axe (weapon)
Missiles
 b - a throwing net (quivered)
Armour
 c - a +0 kite shield (worn)
 m - a +0 pair of gloves (worn)
   (You found it on level 7 of the Dungeon)
 y - a +0 chain mail (worn)
   (You took it off an orc on level 6 of the Dungeon)
Jewellery
 B - an uncursed ring of see invisible {unknown}
   (You found it on level 10 of the Dungeon)
Wands
 f - a wand of iceblast (10)
   (You found it on level 4 of the Dungeon)
 o - a wand of paralysis (23)
   (You found it on level 6 of the Dungeon)
 s - a wand of acid (3)
   (You found it on level 7 of the Dungeon)
Scrolls
 g - a scroll of magic mapping
 i - a scroll of fear
 n - a scroll of fog {unknown}
 r - a scroll of identify
 t - 3 scrolls of teleportation
 u - a scroll of enchant weapon {unknown}
 v - a scroll of torment {unknown}
 x - a scroll of enchant armour {unknown}
 z - a scroll of blinking {unknown}
 A - a scroll of amnesia {unknown}
Potions
 d - a potion of might
 e - 2 potions of curing {unknown}
 h - a potion of haste
 j - a potion of berserk rage
 k - 3 potions of ambrosia
 l - 3 potions of lignification
 p - 3 potions of flight
 q - 4 potions of mutation
 w - a potion of heal wounds


   Skills:
 * Level 8.1(7.4) Fighting
 * Level 9.4(8.7) Axes
 + Level 7.3(6.6) Armour
 + Level 7.2(6.6) Shields
 + Level 7.4(6.7) Invocations


You had 9 spell levels left.
You didn't know any spells.
Your spell library was empty.

Dungeon Overview and Level Annotations

Branches:
Dungeon (10/15)            Temple (1/1) D:4            Lair (0/6) D:8
  Sewer (visited)
    Orc: D:9-12

Altars:
Ashenzari
Cheibriados
Dithmenos
Elyvilon
Fedhas
Gozag
Kikubaaqudgha
Makhleb
Nemelex Xobeh
Okawaru
Qazlal
Ru
Sif Muna
Trog
Uskayaw
Vehumet
Wu Jian
Xom
Yredelemnul
Zin
The Shining One

Annotations:
D:5 exclusion: oklob plant
D:10 Fannar


Innate Abilities, Weirdness & Mutations

You are resistant to damage.
You can heal yourself by infusing magical energy.
You passively map the area around you.
You do not regenerate.


Message History

You slice Fannar!!
Fannar is almost dead.
You hit the ice beast. You barely miss the ice beast. x2
The ice beast hits you but does no damage.
You block the ice beast's attack. The ice beast barely misses you.
Fannar mumbles some strange words.
Fannar drains the heat from the surrounding environment!
You feel very cold.
* * * LOW HITPOINT WARNING * * *
Fannar is frozen.
Fannar resists.
You closely miss Fannar.
Fannar is almost dead.
You slash the ice beast! x2; You barely miss the ice beast.
The ice beast hits you but does no damage.
You block the ice beast's attack.
The ice beast hits you but does no damage.
Fannar casts a spell.
Fannar drains the heat from the surrounding environment!
You feel very cold.
You die...

)..(...................#
)#####.................#
.....#.................#
.....#.................###
.....#...................#
.....#......######.......#
#..###......#....#.......#
#### .......#..YY#.......#
* ,, , #..e@'.......# , ,
+...Y#.......# , , ,
######.......# * , ,,
........# # ,,, *
##.####### # ,, #.# # * ,*
, #/# # *, + , ,<+.# * # *
+ ,


You could see Fannar (icy armour, corroded) and 3 ice beasts.

Vanquished Creatures
  2 two-headed ogres (D:9)
  A hippogriff (D:8)
  A wyvern (D:8)
  Eustachio (D:5)
  Menkaure (D:7)
  A porcupine (D:8)
  An ice beast (D:8)
  2 orc warriors
  A phantom (D:8)
  3 ogres
  2 necrophages
  2 centaurs
  2 big kobolds
  10 bullfrogs
  A gnoll sergeant (D:7)
  A scorpion (D:8)
  A water moccasin skeleton (D:7)
  Dowan (D:7)
  5 wights (D:10)
  4 bullfrog zombies
  2 centaur zombies
  2 orc priests (D:6)
  3 hounds
  3 jellies
  2 bullfrog skeletons (D:6)
  A gnoll shaman (D:8)
  10 worker ants
  Ijyb (D:5)
  4 orc wizards
  A killer bee zombie (D:7)
  A hound zombie (D:5)
  3 hound skeletons
  A howler monkey zombie (D:5)
  3 worker ant zombies
  6 adders
  10 gnolls
  A white imp (D:7)
  3 ufetubi
  An ooze (D:6)
  2 adder skeletons
  3 adder zombies
  A dart slug (D:2)
  7 leopard geckos
  24 orcs
  2 ball pythons
  7 giant cockroaches
  A hobgoblin (D:4)
  2 jackals (D:8)
  10 kobolds
  3 quokkas
  4 frilled lizards
  3 jackal zombies
  A leopard gecko zombie (D:5)
  2 quokka skeletons (D:5)
  2 quokka zombies
175 creatures vanquished.

Vanquished Creatures (others)
  8 fungi (D:8)
  14 plants (D:8)
  12 toadstools (D:5)
  3 withered plants (D:5)
37 creatures vanquished.

Grand Total: 212 creatures vanquished

Notes
Turn   | Place    | Note
-------+----------+-------------------------------------------
     0 | D:1      | Flugslaktarn the Deep Dwarf Fighter began the quest for the
                  | Orb.
     0 | D:1      | Reached XP level 1. HP: 20/20 MP: 1/1
    80 | D:2      | Reached XP level 2. HP: 22/27 MP: 2/2
   190 | D:3      | Reached XP level 3. HP: 29/34 MP: 3/3
   247 | D:5      | Entered Level 5 of the Dungeon
   416 | D:4      | Reached skill level 3 in Axes
   438 | D:4      | Reached XP level 4. HP: 24/42 MP: 4/4
   548 | D:4      | Found a staircase to the Ecumenical Temple.
   638 | Temple   | Entered the Ecumenical Temple
   780 | Temple   | Became a worshipper of Makhleb the Destroyer
   970 | D:5      | Reached XP level 5. HP: 36/50 MP: 5/5
   988 | D:5      | Reached skill level 1 in Invocations
  1026 | D:5      | Noticed Eustachio
  1026 | D:5      | Noticed Ijyb
  1038 | D:5      | Killed Ijyb
  1038 | D:5      | Reached skill level 4 in Axes
  1045 | D:5      | Killed Eustachio
  1045 | D:5      | Reached XP level 6. HP: 57/57 MP: 6/6
  1122 | D:5      | Reached * piety under Makhleb
  1287 | D:5      | Found a blossoming altar of Fedhas.
  1306 | D:5      | Noticed an oklob plant
  1427 | D:5      | Reached XP level 7. HP: 35/66 MP: 7/7
  1442 | D:5      | Reached skill level 5 in Axes
  1860 | D:6      | Found a shadowy altar of Dithmenos.
  1903 | D:6      | Reached skill level 5 in Fighting
  1986 | D:6      | Reached skill level 5 in Shields
  1994 | D:6      | Found a glowing drain.
  2121 | Sewer    | Entered a sewer
  2136 | Sewer    | Reached ** piety under Makhleb
  2136 | Sewer    | Reached skill level 5 in Armour
  2276 | D:6      | Reached XP level 8. HP: 49/74 MP: 8/8
  2277 | D:6      | Reached skill level 6 in Axes
  2690 | D:7      | Noticed Menkaure
  2695 | D:7      | Killed Menkaure
  2904 | D:7      | Noticed Dowan
  2928 | D:7      | Killed Dowan
  2928 | D:7      | Reached skill level 7 in Axes
  3021 | D:7      | Reached skill level 5 in Invocations
  3384 | D:8      | Gained mutation: You passively map the area around you.
                  | [Deep Dwarf growth]
  3384 | D:8      | Reached XP level 9. HP: 65/84 MP: 8/8
  3623 | D:8      | Reached *** piety under Makhleb
  3769 | D:8      | Reached skill level 8 in Axes
  3929 | D:8      | Found a staircase to the Lair.
  4189 | D:9      | Reached **** piety under Makhleb
  4304 | D:9      | Noticed a two-headed ogre
  4304 | D:9      | Noticed a two-headed ogre
  4314 | D:9      | Reached XP level 10. HP: 76/94 MP: 10/10
  4316 | D:9      | Killed a two-headed ogre
  4316 | D:9      | Reached skill level 9 in Axes
  4319 | D:9      | Killed a two-headed ogre
  4464 | D:9      | Found a snail-covered altar of Cheibriados.
  4464 | D:9      | Found an ornate altar of the Wu Jian Council.
  4465 | D:9      | Found a shimmering blue altar of Sif Muna.
  4506 | D:10     | Entered Level 10 of the Dungeon
  4633 | D:10     | Noticed Fannar
  4651 | D:10     | Killed from afar by Fannar

Illustrated notes

Levels and vault maps discovered:
D:1:      zaba_arrival_water, layout_basic
D:2:      layout_basic
D:3:      layout_loops_ring, lemuel_doored_altar, guppyfry_early_lair_pool
D:4:      layout_basic, minmay_temple_entry_tees, corexii_checkpoint_a
D:5:      layout_rooms, tgw_fedhas, serial_undead, serial_undead_d,
          serial_undead_b, serial_undead_f, serial_undead_f, serial_undead_b,
          uniq_eustachio, uniq_ijyb
D:6:      layout_loops_ring, nicolae_overflow_crystal_walls,
          portal_sewer_entry_e
D:7:      layout_loops_corners, serial_glass, glass_columns_b, glass_columns_b,
          item_on_display_a, feat_on_display, uniq_menkaure, uniq_duvessa
D:8:      layout_basic, grunt_lair_entry_orc_guard_hut
D:9:      layout_basic, gammafunk_temple_overflow_claw
D:10:     layout_irregular_city, serial_shops, kennysheep_mini_moat,
          grunt_ogre_cave, uniq_grum, uniq_fannar
Temple:   eino_temple_scatter_basement

Skill      XL: |  1  2  3  4  5  6  7  8  9 10 |
---------------+-------------------------------+-----
Fighting       | 3 4 5 6 7 8 |  8.1
Axes           | 3 4 5 7 8 9 |  9.4
Shields        | 4 5 6 7 |  7.2
Invocations    | 2 3 5 6 7 |  7.4
Armour         | 4 5 6 7 |  7.3

Action                   |  1- 3 |  4- 6 |  7- 9 | 10-12 || total
-------------------------+-------+-------+-------+-------++-------
Melee: War axe           |    99 |   112 |   526 |    39 ||   776
 Abil: Heal Wounds       |     1 |     4 |    15 |     1 ||    21
Evoke: Wand              |       |       |     1 |     4 ||     5
  Use: Potion            |       |     1 |       |       ||     1
       Scroll            |       |       |    14 |       ||    14
Armor: Scale mail        |    41 |    47 |   143 |       ||   231
       Chain mail        |       |       |   111 |    31 ||   142
Dodge: Dodged            |    29 |    44 |   155 |    12 ||   240
Block: Kite shield       |    50 |    63 |   352 |    31 ||   496

Table legend: (Time is in decaauts)
 A = Elapsed time spent in this place.
 B = Non-inter-level travel time spent in this place.
 C = Inter-level travel time spent in this place.
 D = Time resting spent in this place.
 E = Time spent auto-exploring this place.
 F = Levels seen in this place.
 G = Mean time per level.
                   A        B        C        D        E       F      G
               +--------+--------+--------+--------+--------+-----+--------+
         Total |   4893 |   4474 |    419 |      0 |   3007 |  12 |  407.8 |
       Dungeon |   4659 |   4267 |    392 |      0 |   2860 |  10 |  465.9 |
        Temple |    155 |    129 |     26 |      0 |    124 |   1 |  155.0 |
         Sewer |     78 |     78 |      0 |      0 |     23 |   1 |   78.0 |
               +--------+--------+--------+--------+--------+-----+--------+

Top non-repeatable levels by time:
     D:6: 988 daAuts
     D:7: 874 daAuts
     D:5: 709 daAuts
     D:8: 613 daAuts
     D:4: 595 daAuts
     D:9: 486 daAuts
  Temple: 155 daAuts
    D:10: 147 daAuts
     D:2: 139 daAuts
   Sewer: 78 daAuts
     D:1: 53 daAuts
     D:3: 51 daAuts
